 Dungeon Crawl Stone Soup version 0.27.1-33-g824d729ab1 (webtiles) character file.

Game seed: 1696272384039144928

2237 Strung101 the Spear-Bearer (level 9, 0/78 HPs)
             Began as a Purple Draconian Berserker on Dec 23, 2021.
             Was a Priest of Trog.
             Slain by an orc warrior (7 damage)
             ... on level 6 of the Dungeon on Dec 24, 2021.
             The game lasted 00:25:03 (9260 turns).

Strung101 the Spear-Bearer (DrBe)                   Turns: 9260, Time: 00:25:03

Health: 0/78       AC: 11    Str: 22    XL:     9   Next: 14%
Magic:  9/9        EV: 18    Int:  8    God:    Trog [***...]
Gold:   342        SH:  0    Dex: 11    Spells: 8/8 levels left

rFire    . . .     SeeInvis .   a - +0 scythe
rCold    . . .     Faith    .   (shield currently unavailable)
rNeg     . . .     Spirit   .   (armour unavailable)
rPois    .         Reflect  .   (helmet restricted)
rElec    .         Harm     .   (no cloak)
rCorr    .         Rampage  .   (no gloves)
Will     +....                  (no boots)
Stlth    ++........             (no amulet)
HPRegen  0.23/turn              e - +4 ring of protection
MPRegen  0.11/turn              n - +4 ring of evasion

@: no status effects
A: breathe power, AC +7, unfitting armour, cold-blooded
a: Breathe Dispelling Energy, Renounce Religion, Berserk, Trog's Hand


You were on level 6 of the Dungeon.
You worshipped Trog.
Trog was most pleased with you.
You visited 1 branch of the dungeon, and saw 6 of its levels.

You collected 342 gold pieces.

Inventory:

Hand Weapons
 a - a +0 scythe (weapon)
Jewellery
 e - a +4 ring of protection (left hand)
 j - a ring of positive energy
 n - a +4 ring of evasion (right hand)
Wands
 k - a wand of charming (19)
 p - a wand of acid (11)
Scrolls
 i - 2 scrolls of immolation
 l - 3 scrolls of silence
 o - a scroll of identify
Potions
 c - 2 potions of mutation
 d - a potion of degeneration
 f - a potion of berserk rage
 g - a potion of brilliance
 m - a potion of resistance {unknown}


   Skills:
 + Level 6.4 Fighting
 + Level 9.2 Polearms
 + Level 6.1 Dodging
 + Level 3.1 Stealth


You had 8 spell levels left.
You didn't know any spells.
Your spell library was empty.

Dungeon Overview and Level Annotations

Branches:
Dungeon (6/15)             Temple (0/1) D:5

Altars:
Okawaru
Ru

Shops:
D:1 !(=


Innate Abilities, Weirdness & Mutations

You can breathe bolts of dispelling energy.
Your rich purple scales are hard. (AC +7)
You cannot fit into any form of body armour.
You are cold-blooded and may be slowed by cold attacks.


Message History

The orc barely misses you.
You hit the orc warrior but do no damage.
The orc warrior barely misses you. The orc misses you.
The orc warrior barely misses you.
You hit the orc warrior.
The orc warrior is lightly wounded.
The orc hits you with a +0 club. The orc warrior completely misses you.
The orc closely misses you.
You barely miss the orc warrior.
Your tail-slap misses the orc warrior.
The orc warrior is lightly wounded.
The orc warrior hits you but does no damage.
The orc barely misses you. The orc warrior misses you.
You barely miss the orc warrior.
The orc warrior is lightly wounded.
The orc misses you.
The orc warrior hits you with a +0 flail!
The orc completely misses you.
You hit the orc warrior but do no damage.
The orc warrior is lightly wounded.
The orc warrior hits you with a +0 flail.
The orc misses you.
The orc warrior hits you with a +0 flail!
* * * LOW HITPOINT WARNING * * *
You hit the orc warrior but do no damage.
The orc warrior is lightly wounded.
The orc closely misses you.
The orc warrior hits you with a +0 flail.
* * * LOW HITPOINT WARNING * * *
The orc barely misses you. The orc warrior closely misses you.
You barely miss the orc warrior.
The orc warrior is lightly wounded.
The orc hits you but does no damage.
The orc warrior hits you with a +0 flail.
* * * LOW HITPOINT WARNING * * *
The orc closely misses you.
You hit the orc warrior but do no damage.
Your tail-slap misses the orc warrior.
The orc warrior is lightly wounded.
The orc warrior hits you with a +0 flail!
You die...

# # # #
##################
.[.....[........>#
################.#
# #≈≈≈≈#####.#
#######≈≈≈≈#...o@#
......≈≈≈≈≈#.###o#
......≈≈≈≈≈# ....
#####≈≈≈≈≈##
≈≈≈≈≈.# #≈≈≈≈≈#
≈≈≈≈≈≈.# ##≈≈≈≈##
.≈≈>8≈≈..# #≈≈≈≈≈#
#.≈≈._≈≈....
#≈≈≈≈≈#
#.≈≈≈≈≈≈..##
#≈≈≈≈##


You could see an orc warrior and an orc.

Vanquished Creatures
  Grinder (D:3)
  Sigmund (D:3)
  Menkaure (D:4)
  A steam dragon (D:6)
  Edmund (D:4)
  An orc warrior (D:6)
  2 ogres (D:4)
  2 centaurs
  2 phantoms (D:5)
  A kobold brigand (D:6)
  A bullfrog (D:6)
  A scorpion (D:6)
  A water moccasin zombie (D:5)
  A water moccasin skeleton (D:6)
  A bullfrog zombie (D:6)
  3 hounds
  A centaur skeleton (D:6)
  3 orc priests (D:6)
  2 iguanas (D:5)
  Natasha (D:4)
  3 orc wizards
  Robin (D:3)
  8 gnolls
  A howler monkey skeleton (D:5)
  3 adders
  A shadow imp (D:6)
  A white imp (D:5)
  2 ufetubi (D:5)
  A worm (D:4)
  6 dart slugs
  8 orcs
  6 bats
  5 endoplasms
  3 giant cockroaches
  9 goblins
  8 hobgoblins
  3 jackals (D:2)
  12 kobolds
  6 quokkas
  5 ball pythons
  2 frilled lizards (D:3)
  4 rats
126 creatures vanquished.

Notes
Turn   | Place    | Note
-------+----------+-------------------------------------------
     0 | D:1      | Strung101 the Draconian Berserker began the quest for the
                  | Orb.
     0 | D:1      | Reached XP level 1. HP: 19/19 MP: 1/1
    28 | D:1      | Found a faded altar of an unknown god.
   230 | D:1      | Reached XP level 2. HP: 26/26 MP: 2/2
   621 | D:1      | Found Qeupek's Distillery.
   622 | D:1      | Found Ocsap's Antique Weapon Boutique.
   895 | D:1      | Found Nuxyix's Jewellery Shoppe.
  1519 | D:2      | Reached XP level 3. HP: 32/33 MP: 3/3
  1582 | D:2      | Reached ** piety under Trog
  2091 | D:3      | Noticed Robin
  2129 | D:3      | Killed Robin
  2132 | D:3      | Reached skill level 4 in Polearms
  2142 | D:3      | Reached XP level 4. HP: 22/40 MP: 4/4
  3052 | D:3      | Found an iron altar of Okawaru.
  3065 | D:3      | Noticed Sigmund
  3568 | D:3      | Noticed Grinder
  3573 | D:3      | Killed Sigmund
  3574 | D:3      | Reached skill level 5 in Polearms
  3574 | D:3      | Reached skill level 1 in Stealth
  3574 | D:3      | Reached XP level 5. HP: 47/47 MP: 5/5
  3574 | D:3      | Reached XP level 6. HP: 53/53 MP: 6/6
  3592 | D:3      | Paralysed by Grinder for 3 turns
  3624 | D:3      | Killed Grinder
  4370 | D:4      | Reached skill level 5 in Fighting
  4370 | D:4      | Reached skill level 6 in Polearms
  4370 | D:4      | Your scales start taking on a rich purple colour.
  4370 | D:4      | Reached XP level 7. HP: 46/61 MP: 7/7
  4497 | D:4      | Noticed Edmund
  4512 | D:4      | Killed Edmund
  5178 | D:4      | Noticed Menkaure
  5185 | D:4      | Killed Menkaure
  6005 | D:4      | Noticed Natasha
  6006 | D:4      | Reached skill level 7 in Polearms
  6010 | D:4      | Killed Natasha
  6011 | D:4      | Reached XP level 8. HP: 69/69 MP: 8/8
  6101 | D:5      | Entered Level 5 of the Dungeon
  6238 | D:5      | Reached skill level 5 in Dodging
  6659 | D:5      | Reached *** piety under Trog
  6668 | D:5      | Reached skill level 8 in Polearms
  7337 | D:5      | Found a staircase to the Ecumenical Temple.
  7423 | D:6      | Identified the +4 hand crossbow of Alaafeg {vorpal, SInv}
  8479 | D:6      | Reached skill level 9 in Polearms
  8479 | D:6      | Reached XP level 9. HP: 68/75 MP: 9/9
  8560 | D:6      | HP: 3/77 [orc priest/divine providence (9)]
  9236 | D:6      | Found a sacrificial altar of Ru.
  9260 | D:6      | Slain by an orc warrior

Illustrated notes

Levels and vault maps discovered:
D:1:      beargit_arrival_greenhouse, layout_basic,
          ebering_ecumenical_altar_box, serial_shops,
          nicolae_shop_competitors_out_of_business, nicolae_shop_crystal, shop
D:2:      layout_basic
D:3:      minmay_spotlight, layout_loops_ring, okawaru_gym_becter,
          nrook_campfire, uniq_sigmund, uniq_grinder, uniq_robin
D:4:      layout_loops_ring, uniq_natasha, uniq_edmund, uniq_menkaure
D:5:      layout_loops_ring, minmay_temple_entry_offerings, eino_tiny_chamber
D:6:      wander_river, layout_basic, general_overflow_altar

Skill      XL: |  1  2  3  4  5  6  7  8  9 |
---------------+----------------------------+-----
Dodging        | 3 4 5 6 |  6.1
Polearms       | 4 5 6 7 9 |  9.2
Fighting       | 4 5 6 |  6.4
Stealth        | 1 2 3 |  3.1

Action                   |  1- 3 |  4- 6 |  7- 9 || total
-------------------------+-------+-------+-------++-------
Melee: Spear             |   156 |    91 |       ||   247
       Tailslap          |    14 |    11 |    39 ||    64
       Scythe            |       |    37 |   306 ||   343
Invok: Berserk           |     1 |     1 |     2 ||     4
       Trog's Hand       |       |     1 |     2 ||     3
 Abil: Breathe Dispellin |       |       |     2 ||     2
  Use: Scroll            |       |     8 |     6 ||    14
       Potion            |       |     4 |     1 ||     5
 Stab: Sleeping          |     1 |       |     2 ||     3
       Distracted        |       |       |     1 ||     1
Armor: Skin              |    49 |    76 |   233 ||   358
Dodge: Dodged            |   114 |   107 |   355 ||   576
